 Dungeon Crawl Stone Soup version 0.23.2-30-g0e89c35649 (webtiles) character file.

Game seed: 6477656807007824779

273 Pyrotika the Skirmisher (level 6, -2/53 HPs)
             Began as a Hill Orc Fighter on June 14, 2019.
             Slain by Menkaure (13 damage)
             ... on level 3 of the Dungeon.
             The game lasted 00:09:45 (2908 turns).

Pyrotika the Skirmisher (Hill Orc Fighter)          Turns: 2908, Time: 00:09:45

Health: -2/53      AC:  8    Str: 19    XL:     6   Next: 24%
Magic:  6/6        EV:  8    Int:  8    God:
Gold:   207        SH:  9    Dex: 12    Spells: 5/5 levels left

rFire    . . .     SeeInvis +   h - +2 dagger (venom)
rCold    . . .     Gourm    .   c - +0 shield
rNeg     . . .     Faith    .   b - +0 scale mail
rPois    .         Spirit   .   (no helmet)
rElec    .         Reflect  .   (no cloak)
rCorr    .         Harm     .   (no gloves)
MR       .....                  q - +0 pair of boots
Stlth    ..........             (no amulet)
HPRegen  0.17/turn              s - ring of see invisible
MPRegen  0.10/turn              (no ring)

@: no status effects
A: no striking features
a: no special abilities


You were on level 3 of the Dungeon.
You were not hungry.

You visited 1 branch of the dungeon, and saw 4 of its levels.

You collected 207 gold pieces.

Inventory:

Hand Weapons
 a - a +0 long sword
 h - a +2 dagger of venom (weapon)
 k - a +1 dagger of pain
 y - a +0 long sword of holy wrath
Armour
 b - a +0 scale mail (worn)
 c - a +0 shield (worn)
 q - a +0 pair of boots (worn)
Jewellery
 s - a ring of see invisible (left hand)
Wands
 u - a wand of polymorph (5)
 w - a wand of iceblast (6)
Scrolls
 g - 4 scrolls of amnesia {unknown}
 i - 3 scrolls of random uselessness {unknown}
 m - 4 scrolls of remove curse {unknown}
 n - 3 scrolls of identify {unknown}
 o - a scroll of enchant armour {unknown}
 t - a scroll of noise {unknown}
 A - a scroll of teleportation {unknown}
Potions
 d - a potion of might
 e - 3 potions of heal wounds {unknown}
 j - a potion of mutation {unknown}
 l - 4 potions of haste {unknown}
 p - a potion of invisibility {unknown}
 r - 3 potions of degeneration {unknown}
 v - a potion of lignification {unknown}
 x - a potion of curing {unknown}
 z - a potion of berserk rage {unknown}
Comestibles
 f - 5 rations


   Skills:
 + Level 4.7 Fighting
 * Level 3.0(3.4) Short Blades
 - Level 2.4(3.3) Long Blades
 + Level 4.1 Armour
 + Level 1.6 Dodging
 + Level 4.3 Shields


You had 5 spell levels left.
You didn't know any spells.
Your spell library contained the following spells:

 Spells                   Type           Power        Failure   Level  Hunger
 Confusing Touch          Hex            #.....       99%         1    ##.....
 Confuse                  Hex            #.......     100%        3    ####...
 Gell's Gravitas          Tloc           #.........   100%        3    ####...
 Petrify                  Tmut/Erth      #.......     100%        4    #####..
 Metabolic Englaciation   Hex/Ice        #.........   100%        5    ######.
 Yara's Violent Unravell  Hex/Tmut       #.........   100%        5    ######.


Dungeon Overview and Level Annotations

Branches:
Dungeon (4/15)
 Temple: D:4-7

Altars:
Hepliaklqana
Okawaru
Trog

Annotations:
D:3 2 transporters, Menkaure; bmj180's ghost, amateur HOFi


Message History

Really walk into that dispersal trap?
You enter a dispersal trap!
Menkaure blinks!
You blink.
You open the door. Menkaure hits you.
There is an open door here.
Menkaure calls on the powers of darkness!
Your body is wracked with pain!
* * * LOW HITPOINT WARNING * * *
There is a stone staircase leading up here.
Menkaure completely misses you.
You climb upwards.
Level annotation: 2 transporters, bmj180's ghost, amateur HOFi
There is a stone staircase leading down here.
You hit Menkaure.
Menkaure is lightly damaged.
Menkaure hits you but does no damage.
You hit Menkaure but do no damage.
Menkaure is lightly damaged.
Menkaure hits you!
You die...

##### ########### #...#
#.........# #...#
#.........# #...#
#.........# #...###
#.........# #.....#
#@........###
#.....#####.M.......÷.###
#...#.†.............#...####
#######...#####.............
###.#############.####
#........######...#
########.....####.##
#####........ #######..


You could see Menkaure.

Vanquished Creatures
  An ogre (D:4)
  Ijyb (D:3)
  A hound skeleton (D:4)
  7 adders
  A worm (D:2)
  3 dart slugs
  4 orcs
  11 bats
  5 giant cockroaches
  5 goblins
  8 hobgoblins
  4 jackals (D:3)
  2 quokkas (D:3)
  2 frilled lizards
  12 kobolds
  A leopard gecko skeleton (D:4)
  14 rats
82 creatures vanquished.

Notes
Turn   | Place    | Note
-------+----------+-------------------------------------------
     0 | D:1      | Pyrotika the Hill Orc Fighter began the quest for the Orb.
     0 | D:1      | Reached XP level 1. HP: 19/19 MP: 1/1
   191 | D:1      | Reached XP level 2. HP: 22/27 MP: 2/2
   946 | D:2      | Reached skill level 1 in Short Blades
   946 | D:2      | Reached XP level 3. HP: 28/33 MP: 3/3
  1408 | D:2      | Reached XP level 4. HP: 37/40 MP: 4/4
  1614 | D:3      | Found a transporter.
  1618 | D:3      | Noticed bmj180's ghost (amateur HOFi)
  1632 | D:3      | Found a transporter.
  1648 | D:3      | Reached skill level 1 in Dodging
  1772 | D:3      | Noticed Ijyb
  1819 | D:3      | Killed Ijyb
  1908 | D:3      | Reached XP level 5. HP: 41/47 MP: 5/5
  2179 | D:3      | Found a hazy altar of Hepliaklqana.
  2312 | D:3      | Found a bloodstained altar of Trog.
  2312 | D:3      | Found an iron altar of Okawaru.
  2557 | D:4      | Noticed an ogre
  2568 | D:4      | Killed an ogre
  2568 | D:4      | Reached XP level 6. HP: 53/53 MP: 6/6
  2883 | D:4      | Noticed Menkaure
  2908 | D:3      | Slain by Menkaure

Skill      XL: |  1  2  3  4  5 |
---------------+----------------+-----
Short Blades   | 1 2 3 |  3.0
Fighting       | 4 |  4.7
Dodging        | 1 |  1.6
Shields        | 4 |  4.3
Armour         | 4 |  4.1
Long Blades    | |  2.4

Action                   |  1- 3 |  4- 6 || total
-------------------------+-------+-------++-------
Melee: Long sword        |    12 |       ||    12
       Dagger            |    96 |   153 ||   249
  Eat: Chunk             |     1 |     4 ||     5
       Ration            |       |     1 ||     1
Armor: Scale mail        |    39 |    72 ||   111
Dodge: Dodged            |    29 |    38 ||    67
Block: Shield            |    65 |    78 ||   143
       Rpst.: Long sword |     1 |       ||     1
